[ AOE2 MATCH · #506619374 ]
UnrankedAztecs vs Romans
Player's team · WIN
Rival team · LOSS
[ REPLAY ANALYSIS · EXTRACTED FROM THE RECORDED GAME ]
Feudal
9:22
Castle
18:42
Imperial
—
| APM avg | 59.3 |
| APM peak | 113 |
| eAPM avg | 24.1 |
| Villagers / military | 77 / 41 |
Focus
⚔️ 24.2% · 🌾 75.8%
Jaguar Warrior ×21 · Eagle Scout ×7 · Monk ×6 · Militia ×5 · Mangonel ×1 · Spearman ×1
Feudal
10:06
Castle
19:49
Imperial
—
| APM avg | 66.2 |
| APM peak | 107 |
| eAPM avg | 34.0 |
| Villagers / military | 50 / 56 |
Focus
⚔️ 49.5% · 🌾 50.5%
Militia ×35 · Scorpion ×12 · Spearman ×3 · Skirmisher ×3 · Battering Ram ×3
Match map
Initial resources + every placement click. Lines = walls · curves = elevation contours. ◆ gold · ⬟ stone · ● berries · ✦ relic · ◌ wall gap
Your base· ✓ Closed at 18:42 · 32t walls · 1 gate(s)
Oni.TheViper's base· ✓ Closed at 19:49 · 12t walls · 3 gate(s)
Smoothed initial terrain · ◌ = detected wall gap · hover for details
Inputs per minute
— Thành Cổ Quảng Trị - - Oni.TheViper
Build order — Thành Cổ Quảng Trị
First 150 of 206 actions detected
| 0:01 | Create | Villager (Male) |
| 0:02 | Build | House |
| 0:02 | Build | House |
| 0:05 | Create | Villager (Male) |
| 0:05 | Create | Villager (Male) |
| 0:05 | Create | Villager (Male) |
| 0:06 | Create | Villager (Male) |
| 1:15 | Create | Villager (Male) |
| 1:53 | Build | Lumber Camp |
| 2:07 | Create | Villager (Male) |
| 2:09 | Create | Villager (Male) |
| 2:09 | Create | Villager (Male) |
| 2:48 | Create | Villager (Male) |
| 2:48 | Create | Villager (Male) |
| 3:04 | Create | Villager (Male) |
| 3:04 | Create | Villager (Male) |
| 3:30 | Create | Villager (Male) |
| 3:30 | Create | Villager (Male) |
| 3:52 | Build | House |
| 3:56 | Create | Villager (Male) |
| 4:01 | Create | Villager (Male) |
| 4:01 | Create | Villager (Male) |
| 4:06 | Build | Mill |
| 4:42 | Create | Villager (Male) |
| 5:07 | Create | Villager (Male) |
| 5:30 | Create | Villager (Male) |
| 5:30 | Create | Villager (Male) |
| 6:09 | Create | Villager (Male) |
| 6:09 | Create | Villager (Male) |
| 6:09 | Create | Villager (Male) |
| 6:22 | Build | Barracks |
| 6:33 | Research | Loom |
| 6:35 | Build | House |
| 6:39 | Build | House |
| 7:12 | Research | Feudal Age |
| 7:26 | Build | House |
| 7:40 | Create | Militia |
| 7:40 | Create | Militia |
| 7:56 | Create | Militia |
| 8:12 | Create | Militia |
| 8:13 | Create | Militia |
| 8:18 | Build | Palisade Wall |
| 8:20 | Create | Villager (Male) |
| 8:32 | Build | Palisade Wall |
| 9:05 | Build | Palisade Wall |
| 9:22 | Age | Feudal Age |
| 9:27 | Research | Man-at-Arms (upgrade) |
| 9:27 | Research | Man-at-Arms (upgrade) |
| 9:30 | Create | Villager (Male) |
| 9:31 | Build | Farm |
| 9:34 | Build | Farm |
| 9:35 | Build | Farm |
| 9:42 | Build | Palisade Wall |
| 9:47 | Create | Villager (Male) |
| 9:56 | Build | Palisade Wall |
| 10:02 | Build | Palisade Wall |
| 10:04 | Build | Palisade Wall |
| 10:06 | Build | House |
| 10:16 | Create | Villager (Male) |
| 10:16 | Create | Villager (Male) |
| 10:16 | Build | Farm |
| 10:58 | Create | Villager (Male) |
| 11:11 | Create | Villager (Male) |
| 11:20 | Build | Farm |
| 11:22 | Build | Farm |
| 11:24 | Build | Farm |
| 11:30 | Create | Villager (Male) |
| 11:32 | Build | Farm |
| 11:36 | Build | Farm |
| 11:38 | Build | Farm |
| 11:45 | Create | Spearman |
| 12:11 | Create | Villager (Male) |
| 12:32 | Create | Villager (Male) |
| 12:33 | Build | Mining Camp |
| 12:42 | Build | Farm |
| 12:43 | Build | Farm |
| 12:49 | Create | Villager (Male) |
| 13:31 | Create | Villager (Male) |
| 13:33 | Create | Villager (Male) |
| 14:07 | Build | House |
| 14:16 | Create | Villager (Male) |
| 14:20 | Build | Mining Camp |
| 14:31 | Build | Market |
| 14:35 | Create | Villager (Male) |
| 15:03 | Create | Villager (Male) |
| 15:26 | Build | Blacksmith |
| 15:28 | Create | Villager (Male) |
| 15:45 | Research | Double-Bit Axe |
| 15:45 | Research | Double-Bit Axe |
| 15:59 | Research | Castle Age |
| 15:59 | Research | Castle Age |
| 16:35 | Create | Eagle Scout |
| 16:51 | Build | Barracks |
| 16:58 | Create | Villager (Male) |
| 17:01 | Build | Palisade Gate |
| 17:05 | Create | Eagle Scout |
| 17:10 | Research | Horse Collar |
| 17:18 | Research | Scale Mail Armor |
| 17:20 | Create | Eagle Scout |
| 17:31 | Build | Farm |
| 17:35 | Research | Gold Mining |
| 17:39 | Build | Farm |
| 17:46 | Create | Villager (Male) |
| 17:53 | Build | Farm |
| 18:20 | Create | Eagle Scout |
| 18:33 | Build | Farm |
| 18:34 | Build | Farm |
| 18:42 | Age | Castle Age |
| 18:43 | Build | Monastery |
| 18:47 | Create | Villager (Male) |
| 18:57 | Build | Monastery |
| 19:09 | Create | Villager (Male) |
| 19:10 | Build | House |
| 19:13 | Build | House |
| 19:19 | Build | House |
| 19:20 | Create | Monk |
| 19:30 | Research | Squires |
| 19:30 | Research | Squires |
| 19:32 | Research | Bow Saw |
| 19:42 | Build | House |
| 19:46 | Create | Monk |
| 19:54 | Create | Villager (Male) |
| 19:54 | Build | Farm |
| 20:04 | Build | House |
| 20:17 | Create | Villager (Male) |
| 20:20 | Create | Monk |
| 20:20 | Create | Monk |
| 20:22 | Create | Villager (Male) |
| 20:29 | Build | House |
| 20:30 | Build | Farm |
| 20:33 | Build | Farm |
| 21:02 | Create | Monk |
| 21:05 | Create | Eagle Scout |
| 21:05 | Create | Villager (Male) |
| 21:17 | Create | Villager (Male) |
| 21:18 | Create | Villager (Male) |
| 21:27 | Create | Monk |
| 21:34 | Create | Villager (Male) |
| 21:52 | Build | Castle |
| 21:54 | Build | House |
| 22:08 | Build | Farm |
| 22:09 | Build | Farm |
| 22:14 | Build | Town Center |
| 22:32 | Build | Farm |
| 22:53 | Create | Eagle Scout |
| 22:56 | Create | Villager (Male) |
| 23:16 | Create | Jaguar Warrior |
| 23:17 | Create | Jaguar Warrior |
| 23:17 | Create | Jaguar Warrior |
| 23:19 | Create | Villager (Male) |
Build order — Oni.TheViper
First 150 of 176 actions detected
| 0:00 | Create | Villager (Male) |
| 0:01 | Create | Villager (Male) |
| 0:02 | Build | House |
| 0:03 | Build | House |
| 0:04 | Create | Villager (Male) |
| 0:07 | Create | Villager (Male) |
| 1:22 | Create | Villager (Male) |
| 1:53 | Build | Lumber Camp |
| 1:55 | Create | Villager (Male) |
| 2:10 | Create | Villager (Male) |
| 2:15 | Build | House |
| 2:16 | Build | House |
| 2:43 | Create | Villager (Male) |
| 2:56 | Create | Villager (Male) |
| 3:29 | Create | Villager (Male) |
| 3:29 | Create | Villager (Male) |
| 3:54 | Create | Villager (Male) |
| 3:56 | Create | Villager (Male) |
| 4:27 | Create | Villager (Male) |
| 4:27 | Create | Villager (Male) |
| 4:27 | Create | Villager (Male) |
| 4:28 | Create | Villager (Male) |
| 4:58 | Create | Villager (Male) |
| 5:00 | Create | Villager (Male) |
| 5:05 | Build | Mill |
| 5:23 | Create | Villager (Male) |
| 5:39 | Create | Villager (Male) |
| 5:56 | Create | Villager (Male) |
| 6:16 | Create | Villager (Male) |
| 6:24 | Research | Loom |
| 7:15 | Build | Mill |
| 7:34 | Research | Feudal Age |
| 8:27 | Build | Barracks |
| 9:19 | Build | House |
| 9:23 | Create | Villager (Male) |
| 10:06 | Age | Feudal Age |
| 10:08 | Build | Archery Range |
| 10:09 | Research | Double-Bit Axe |
| 10:10 | Research | Horse Collar |
| 10:11 | Create | Villager (Male) |
| 10:14 | Build | Farm |
| 10:16 | Build | Farm |
| 10:22 | Create | Villager (Male) |
| 10:33 | Create | Villager (Male) |
| 10:44 | Build | Palisade Wall |
| 10:45 | Build | House |
| 10:56 | Create | Villager (Male) |
| 11:07 | Create | Villager (Male) |
| 11:13 | Create | Villager (Male) |
| 11:17 | Build | Farm |
| 11:18 | Build | Farm |
| 11:18 | Build | Farm |
| 11:23 | Build | House |
| 11:33 | Build | Farm |
| 11:34 | Create | Villager (Male) |
| 11:50 | Create | Villager (Male) |
| 11:54 | Build | Palisade Wall |
| 12:01 | Create | Villager (Male) |
| 12:08 | Build | Farm |
| 12:08 | Build | Farm |
| 12:31 | Build | Palisade Wall |
| 12:31 | Build | Palisade Wall |
| 12:32 | Build | Palisade Wall |
| 12:32 | Create | Villager (Male) |
| 12:43 | Build | Farm |
| 12:50 | Build | House |
| 12:52 | Create | Skirmisher |
| 13:10 | Create | Villager (Male) |
| 13:29 | Create | Villager (Male) |
| 13:33 | Build | House |
| 13:34 | Create | Skirmisher |
| 13:35 | Create | Villager (Male) |
| 13:37 | Build | Mining Camp |
| 14:01 | Create | Skirmisher |
| 14:04 | Build | Farm |
| 14:06 | Create | Villager (Male) |
| 14:11 | Build | House |
| 14:21 | Build | House |
| 14:46 | Build | Farm |
| 14:49 | Create | Villager (Male) |
| 15:02 | Build | Farm |
| 15:09 | Build | Farm |
| 15:35 | Build | Farm |
| 16:00 | Build | Market |
| 17:09 | Research | Castle Age |
| 17:09 | Research | Castle Age |
| 17:24 | Research | Man-at-Arms (upgrade) |
| 17:24 | Create | Spearman |
| 17:25 | Create | Spearman |
| 17:31 | Build | Barracks |
| 17:40 | Build | Barracks |
| 17:51 | Build | Blacksmith |
| 17:56 | Create | Militia |
| 18:15 | Build | Palisade Wall |
| 18:21 | Build | Palisade Wall |
| 18:38 | Create | Militia |
| 18:44 | Build | Barracks |
| 18:48 | Build | Palisade Gate |
| 18:50 | Build | Palisade Gate |
| 18:52 | Build | Palisade Gate |
| 18:52 | Create | Villager (Male) |
| 18:55 | Build | Palisade Wall |
| 18:55 | Create | Villager (Male) |
| 18:57 | Build | Palisade Wall |
| 19:03 | Create | Militia |
| 19:11 | Create | Spearman |
| 19:13 | Build | House |
| 19:33 | Create | Militia |
| 19:33 | Create | Militia |
| 19:34 | Create | Militia |
| 19:40 | Research | Scale Mail Armor |
| 19:49 | Age | Castle Age |
| 19:51 | Research | Squires |
| 19:52 | Research | Long Swordsman (upgrade) |
| 20:00 | Research | Long Swordsman (upgrade) |
| 20:00 | Research | Long Swordsman (upgrade) |
| 20:11 | Create | Villager (Male) |
| 20:14 | Build | Siege Workshop |
| 20:20 | Create | Militia |
| 20:20 | Create | Militia |
| 20:24 | Build | Siege Workshop |
| 20:30 | Create | Militia |
| 20:30 | Create | Militia |
| 20:31 | Create | Militia |
| 21:21 | Create | Militia ×5 |
| 21:22 | Create | Militia |
| 21:23 | Create | Militia |
| 21:30 | Create | Militia |
| 21:31 | Create | Militia |
| 21:44 | Create | Villager (Male) |
| 21:50 | Create | Battering Ram |
| 21:51 | Create | Battering Ram |
| 21:58 | Build | Palisade Gate |
| 22:11 | Create | Militia |
| 22:11 | Create | Militia |
| 22:15 | Create | Villager (Male) |
| 22:25 | Research | Chain Mail Armor |
| 22:35 | Build | Palisade Gate |
| 22:35 | Build | Palisade Wall |
| 22:41 | Create | Scorpion |
| 22:41 | Create | Scorpion |
| 22:57 | Build | Palisade Wall |
| 23:03 | Create | Militia |
| 23:03 | Create | Militia |
| 23:04 | Create | Militia |
| 23:15 | Create | Villager (Male) |
| 23:32 | Create | Militia |
| 23:32 | Create | Militia |
| 23:58 | Create | Battering Ram |
| 23:59 | Create | Militia |
Match timeline
| 6:22 | Thành Cổ Quảng Trị · first_building Barracks |
| 8:18 | Thành Cổ Quảng Trị · wall_segment Palisade Wall x5 |
| 8:27 | Oni.TheViper · first_building Barracks |
| 8:32 | Thành Cổ Quảng Trị · wall_segment Palisade Wall x10 |
| 9:05 | Thành Cổ Quảng Trị · wall_segment Palisade Wall x6 |
| 9:22 | Thành Cổ Quảng Trị · age_up feudal |
| 9:42 | Thành Cổ Quảng Trị · wall_segment Palisade Wall x7 |
| 9:56 | Thành Cổ Quảng Trị · wall_segment Palisade Wall x4 |
| 10:02 | Thành Cổ Quảng Trị · wall_segment Palisade Wall x1 |
| 10:04 | Thành Cổ Quảng Trị · wall_segment Palisade Wall x1 |
| 10:06 | Oni.TheViper · age_up feudal |
| 10:08 | Oni.TheViper · first_building Archery Range |
| 10:44 | Oni.TheViper · wall_segment Palisade Wall x1 |
| 11:54 | Oni.TheViper · wall_segment Palisade Wall x1 |
| 12:31 | Oni.TheViper · wall_segment Palisade Wall x1 |
| 12:31 | Oni.TheViper · wall_segment Palisade Wall x1 |
| 12:32 | Oni.TheViper · wall_segment Palisade Wall x1 |
| 17:08 | Oni.TheViper · first_market_sell 100 stone |
| 17:08 | Oni.TheViper · first_market_buy 100 food |
| 18:15 | Oni.TheViper · wall_segment Palisade Wall x1 |
| 18:21 | Oni.TheViper · wall_segment Palisade Wall x1 |
| 18:42 | Thành Cổ Quảng Trị · age_up castle |
| 18:43 | Thành Cổ Quảng Trị · first_building Monastery |
| 18:54 | Thành Cổ Quảng Trị · first_market_buy 100 wood |
| 18:55 | Oni.TheViper · wall_segment Palisade Wall x1 |
| 18:57 | Oni.TheViper · wall_segment Palisade Wall x5 |
| 19:49 | Oni.TheViper · age_up castle |
| 20:14 | Oni.TheViper · first_building Siege Workshop |
| 21:52 | Thành Cổ Quảng Trị · first_building Castle |
| 22:35 | Oni.TheViper · wall_segment Palisade Wall x1 |
| 22:57 | Oni.TheViper · wall_segment Palisade Wall x1 |
| 23:26 | Thành Cổ Quảng Trị · first_building Siege Workshop |
| 26:10 | Oni.TheViper · first_building Monastery |
| 27:14 | Oni.TheViper · resign |
[ AI ANALYSIS · 1 CREDIT ]
What really happened in this match?
Wolo.gg analyzes every decision: build order, eco, micro, common mistakes by bracket. Personalized analysis on WhatsApp or Discord in 30 seconds.
Civ guide
Aztecs
Perfil
Jugador #2660491